 Dungeon Crawl Stone Soup version 0.19-a0-450-g98b348d (webtiles) character file.

500 epen the Gusty (level 6, -6/35 HPs)
             Began as a Deep Elf Air Elementalist on June 1, 2016.
             Mangled by a wraith (11 damage)
             ... in an ossuary.
             The game lasted 00:14:09 (4864 turns).

epen the Gusty (Deep Elf Air Elementalist)          Turns: 4864, Time: 00:14:14

Health: -6/35      AC:  4    Str:  5    XL:     6   Next: 94%
Magic:  0/14       EV: 14    Int: 28    God:
Gold:   330        SH:  0    Dex: 15    Spells: 5 memorised, 0 levels left

rFire  . . .     SeeInvis .     g - +1 dagger
rCold  . . .     Gourm    .     D - +0 robe (curse)
rNeg   . . .     Faith    .     (no shield)
rPois  .         Spirit   .     (no helmet)
rElec  .         Dismiss  .     z - +0 cloak
rCorr  .         Reflect  .     (no gloves)
SustAt .         Harm     .     I - +0 pair of boots {Stlth+}
MR     .....                    (no amulet)
Stlth  +++.......               A - +4 ring of intelligence
                                n - +2 ring of intelligence

@: about to teleport, slowed, repel missiles, very slow, not resistant to
hostile enchantments, fairly stealthy
A: no striking features
a: no special abilities


You were in an ossuary.
You were very hungry.

You visited 1 branch of the dungeon, and saw 6 of its levels.
You also visited: Ossuary.

You collected 330 gold pieces.

Inventory:

Hand Weapons
 g - a +1 dagger (weapon)
Missiles
 C - a throwing net (quivered)
Armour
 a - a +1 robe
 z - a +0 cloak (worn)
 D - a cursed +0 robe (worn)
 I - a +0 pair of boots of stealth (worn)
Jewellery
 l - a +3 ring of dexterity
 n - a +2 ring of intelligence (left hand)
 w - an uncursed ring of resist corrosion
 y - an uncursed ring of protection from fire
 A - a +4 ring of intelligence (right hand)
Wands
 H - a wand of acid (5/15)
Scrolls
 d - a scroll of acquirement {unknown}
 e - a scroll of enchant weapon
 j - a scroll of amnesia
 k - 3 scrolls of remove curse
 o - a scroll of enchant armour
 B - a scroll of noise {unknown}
 G - a scroll of identify
 J - a scroll of fear {unknown}
Potions
 f - a potion of flight
 h - 3 potions of invisibility
 q - 4 potions of brilliance
 r - a potion of heal wounds {unknown}
 t - 2 potions of degeneration {unknown}
 u - a potion of beneficial mutation {unknown}
 v - 2 potions of curing {unknown}
 x - a potion of might
 E - a potion of cancellation {unknown}
 F - a potion of resistance {unknown}
 L - 2 potions of cure mutation {unknown}
Books
 b - a book of Air

   Spells                             Type                      Level
   a - Shock                          Conjuration/Air              1
   b - Swiftness                      Charms/Air                   2
   c - Repel Missiles                 Charms/Air                   2
   d - Static Discharge               Conjuration/Air              3
   e - Lightning Bolt                 Conjuration/Air              5
Comestibles
 c - 6 bread rations
 i - a royal jelly
 m - a beef jerky
 p - 2 meat rations
 s - a slice of pizza


   Skills:
 + Level 1.7 Fighting
 + Level 3.8 Dodging
 - Level 2.4 Stealth
 + Level 4.2 Spellcasting
 * Level 4.5 Conjurations
 + Level 1.9 Charms
 * Level 4.9 Air Magic


You couldn't memorise any spells.
You knew the following spells:

 Your Spells              Type           Power        Failure   Level  Hunger
a - Shock                 Conj/Air       ####         1%          1    None
b - Repel Missiles        Chrm/Air       ####..       3%          2    None
c - Static Discharge      Conj/Air       ####....     3%          3    ##.....
d - Lightning Bolt        Conj/Air       ####......   34%         5    #####..
e - Swiftness             Chrm/Air       ####....     3%          2    None


Dungeon Overview and Level Annotations

Branches:
Dungeon (6/15)
 Temple: D:4-7

Altars:
Fedhas
Gozag
Nemelex Xobeh
Okawaru
Ru
Xom
Zin

Shops:
D:5 (=:(

Annotations:
D:5 namelastname112's ghost, novice DrWn


Message History

The wraith is severely damaged.
The wraith hits you. The wraith drains your vigour!
You feel yourself slow down.
Okay, then.
Casting: Shock
Confirm with . or Enter, or press ? or * to list all spells.
Aiming: Shock
Press: ? - help, Shift-Dir - straight line, f/p - wraith
Aim: a wraith (severely damaged)
The zap hits the wraith.
The wraith is severely damaged.
The wraith misses you. The wraith hits you! The wraith drains your vigour!
You feel as though you will be slow longer.
As you read the scroll of teleportation, it crumbles to dust.
You feel strangely unstable. The wraith hits you!
* * * LOW HITPOINT WARNING * * *
The wraith drains your vigour!
You feel as though you will be slow longer.
The wraith hits you!
You die...

.∩.....................∩.#
.......#####+#####.......#
......##.. ....##......#
.....## ..#####...##.....#
....## .##...##...##....#
....# ##.???.##...#....#
....+ #.!??.!.#...'....#
....# ##.?!?.##...#....#
....## ##...##@..##....#
.....##...##'##W..##.....#
......##.........##......#
.......#####+#####.......#
.∩.....................∩.#
.........................#
###########'''############
####...#### #..'...'..#


You could see a wraith.

Vanquished Creatures
  A scorpion (D:5)
  2 crimson imps (D:3)
  A hound (D:5)
  A giant frog zombie (D:6)
  2 orc priests (D:3)
  2 worker ants (D:5)
  2 mummies
  3 gnolls (D:4)
  4 adders
  A howler monkey skeleton (D:6)
  3 worms
  A dart slug (D:3)
  3 giant geckos
  7 orcs
  5 ball pythons
  7 giant cockroaches
  11 hobgoblins
  5 kobolds
  3 quokkas
  8 bats
  A giant gecko skeleton (D:6)
  2 giant newts
  5 gnoll skeletons (Ossuary)
  7 goblins
  9 kobold skeletons (Ossuary)
  11 orc skeletons (Ossuary)
  9 rats
116 creatures vanquished.

Notes
Turn   | Place    | Note
--------------------------------------------------------------
     0 | D:1      | epen the Deep Elf Air Elementalist began the quest for the Orb.
     0 | D:1      | Reached XP level 1. HP: 10/10 MP: 6/6
   182 | D:1      | Reached XP level 2. HP: 16/16 MP: 1/8
   186 | D:1      | Learned a level 2 spell: Repel Missiles
   811 | D:2      | Found a blossoming altar of Fedhas.
   849 | D:2      | Reached XP level 3. HP: 19/20 MP: 3/9
   854 | D:2      | Learned a level 3 spell: Static Discharge
  1078 | D:2      | Reached skill level 1 in Fighting
  1318 | D:2      | Found an opulent altar of Gozag.
  1319 | D:2      | Found a glowing silver altar of Zin.
  1439 | D:2      | Reached XP level 4. HP: 16/25 MP: 1/11
  2055 | D:3      | Found a sacrificial altar of Ru.
  2143 | D:3      | Reached XP level 5. HP: 29/29 MP: 7/12
  2212 | D:3      | Learned a level 5 spell: Lightning Bolt
  2445 | D:3      | Found a sparkling altar of Nemelex Xobeh.
  2559 | D:3      | Found a shimmering altar of Xom.
  2912 | D:3      | Reached XP level 6. HP: 34/34 MP: 7/13
  3625 | D:5      | Entered Level 5 of the Dungeon
  3625 | D:5      | Noticed a sky beast
  3631 | D:5      | Found Ucsuheank's Jewellery Boutique.
  3895 | D:5      | Found Ezamash's Weapon Shop.
  3911 | D:5      | Noticed a two-headed ogre
  4018 | D:5      | Found an iron altar of Okawaru.
  4042 | D:4      | Learned a level 2 spell: Swiftness
  4103 | D:5      | Found Nigrof's Book Shoppe.
  4181 | D:5      | Found Alusud's Weapon Emporium.
  4211 | D:5      | Reached skill level 1 in Charms
  4250 | D:5      | Noticed namelastname112's ghost (novice DrWn)
  4568 | D:6      | Found a sand-covered staircase.
  4578 | Ossuary  | Entered an ossuary
  4578 | Ossuary  | Noticed a wraith
  4578 | Ossuary  | Noticed a wraith
  4578 | Ossuary  | Noticed a wraith
  4852 | Ossuary  | Noticed a wraith
  4864 | Ossuary  | Mangled by a wraith

Vault maps used:
D:1:      minmay_arrival_diagonal_passages
D:2:      grunt_temple_overflow_gold_and_silver, fedhas_altar_3, moated_statue
D:3:      led_xom_imps, nemelex_deck, first_bread,
          nicolae_ru_the_path_less_chosen
D:5:      okawaru_trees_1, serial_shops, kennysheep_mini_moat, shop,
          nicolae_shop_behind_doors, shop, shop
D:6:      lemuel_coloured_pillars_altar, temple_hall, serial_shops,
          nicolae_shop_stone, gup_ossuary_entry_pyramid
Ossuary:  ossuary_due_mausoleum

Skill      XL: |  1  2  3  4  5  6 |
---------------+-------------------+-----
Conjurations   | 2 3 4 |  4.5
Fighting       | 1 |  1.7
Dodging        | 3 |  3.8
Air Magic      | 4 |  4.9
Spellcasting   | 4 |  4.2
Charms         | 1 |  1.9
Stealth        | |  2.4

Action                   |  1- 3 |  4- 6 || total
-------------------------+-------+-------++-------
Melee: Unarmed           |     1 |       ||     1
       Dagger            |       |    12 ||    12
 Cast: Shock             |    66 |   157 ||   223
       Repel Missiles    |     1 |     1 ||     2
       Static Discharge  |     1 |     7 ||     8
  Use: Scroll            |       |    14 ||    14
  Eat: Chunk             |     2 |     9 ||    11
Armor: Robe              |     1 |     6 ||     7
Dodge: Dodged            |     9 |    21 ||    30
       Deflected         |     1 |     1 ||     2
